 Seeded DCSS version 0.30.1-4-g462c640d31 (webtiles) character file.

Game seed: 42 (custom seed)

33 Danienth the Firebug (level 3, -3/26 HPs)
             Began as a Demonspawn Fire Elementalist on Sept 18, 2023.
             Slain by an iguana (9 damage)
             ... on level 2 of the Dungeon.
             The game lasted 00:07:20 (855 turns).

Danienth the Firebug (Demonspawn Fire Elementalist)  Turns: 855, Time: 00:07:20

Health: -3/26      AC:  2    Str: 10    XL:     3   Next: 12%
Magic:  3/6        EV: 12    Int: 16    God:
Gold:   62         SH:  0    Dex: 13    Spells: 5/6 levels left

rFire   . . .        d - +0 short sword
rCold   . . .        (no shield)
rNeg    . . .        a - +0 robe
rPois   .            (no helmet)
rElec   .            (no cloak)
rCorr   .            (no gloves)
SInv    .            (no boots)
Will    .....        (no amulet)
Stlth   ++           j - ring of fire
HPRegen 0.24/turn    l - ring of ice
MPRegen 0.10/turn

%: no passive effects
@: very slightly contaminated
A: ignite blood 1, weakness stinger 1
a: no special abilities


You were on level 2 of the Dungeon.
You visited 1 branch of the dungeon, and saw 2 of its levels.

You collected 62 gold pieces.

Inventory:

Hand Weapons
 d - a +0 short sword (weapon)
Missiles
 e - 6 poisoned darts (quivered)
Armour
 a - a +0 robe (worn)
Jewellery
 j - a ring of fire (left hand)
 l - a ring of ice (right hand)
Scrolls
 g - a scroll of teleportation {unknown}
 h - a scroll of fog {unknown}
 k - a scroll of amnesia {unknown}
Potions
 b - 2 potions of magic
 c - a potion of cancellation {unknown}
 f - a potion of flight {unknown}
 i - a potion of mutation {unknown}


   Skills:
 * Level 1.0 Fighting
 * Level 0.6 Short Blades
 * Level 0.5 Throwing
 * Level 2.2 Dodging
 * Level 2.4 Stealth
 - Level 2.0 Spellcasting
 - Level 1.0 Conjurations
 - Level 2.6 Fire Magic


You had 5 spell levels left.
You knew the following spells:

 Your Spells              Type           Power      Damage    Failure   Level
a - Foxfire               Conj/Fire      44%        2x1d6     10%         1

Your spell library contained the following spells:

 Spells                   Type           Power      Damage    Failure   Level
 Scorch                   Fire           30%        2d6       11%         2
 Inner Flame              Hex/Fire       8%         N/A       34%         3
 Volatile Blastmotes      Fire/Tloc      16%        2d11      34%         3
 Flame Wave               Conj/Fire      11%        2d6       67%         4


Dungeon Overview and Level Annotations

Branches:
Dungeon (2/15)

Altars:


Innate Abilities, Weirdness & Mutations

Your demonic aura sometimes causes spilled blood to erupt in flames.
You have a small tail.


Message History

The hobgoblin shouts!
An iguana comes into view.
You feel more attuned to ice.
l - a ring of ice (right hand)
Casting: Foxfire (safe; 10% risk of failure)
Confirm with . or Enter, or press ? or * to list all spells.
You feel a surge of power!
You conjure some foxfire!
The iguana hisses angrily.
The foxfire hits the hobgoblin.
You kill the hobgoblin!
Your foxfire dissipates!
Casting: Foxfire (safe; 10% risk of failure)
Confirm with . or Enter, or press ? or * to list all spells.
You feel a surge of power!
You conjure some foxfire!
The foxfire hits the iguana.
The iguana is lightly wounded.
The foxfire hits the iguana.
The iguana is moderately wounded.
Casting: Foxfire (safe; 10% risk of failure)
Confirm with . or Enter, or press ? or * to list all spells.
You feel a surge of power!
You miscast Foxfire.
You are very lightly contaminated with residual magic.
Nothing appears to happen.
The iguana bites you!
Hit: d) +0 short sword
Press: ? - help, Dir - move target, f - iguana
Aim: an iguana (moderately wounded, about 37% to evade your +0 short sword)
You closely miss the iguana. You tail-slap the iguana.
The iguana is heavily wounded.
The iguana bites you.
Hit: d) +0 short sword
Press: ? - help, Dir - move target, f/p - iguana
Aim: an iguana (heavily wounded, about 37% to evade your +0 short sword)
You barely miss the iguana.
The iguana is heavily wounded.
The iguana bites you!
* * * LOW HITPOINT WARNING * * *
Casting: Foxfire (safe; 10% risk of failure)
Confirm with . or Enter, or press ? or * to list all spells.
You feel a surge of power!
You conjure some foxfire!
The iguana bites you!
You die...

#.# #.# #.# #.# #.# #
#.# #.# ##.# #.# #.# .#.
#######.# #.# ..
........# #.# .#
#######..# #.###.######
>## ##..####..v@.......
..####.........vl.######
.......##########.#
..####.# .# .## #.# .#
.# #.# .# ## #.# .# #.#
.# ..#


You could see an iguana (ally target).

Vanquished Creatures
  2 dart slugs (D:1)
  A ball python (D:1)
  4 endoplasms (D:1)
  A giant cockroach (D:1)
  4 goblins (D:1)
  6 hobgoblins
  2 kobolds (D:1)
  A quokka (D:1)
  A bat (D:1)
  A frilled lizard (D:1)
  A rat (D:1)
24 creatures vanquished.

Vanquished Creatures (others)
  41 foxfires
41 creatures vanquished.

Grand Total: 65 creatures vanquished

Notes
Turn   | Place    | Note
-------+----------+-------------------------------------------
     0 | D:1      | Danienth the Demonspawn Fire Elementalist began the quest
                  | for the Orb.
     0 | D:1      | Reached XP level 1. HP: 13/13 MP: 3/3
   255 | D:1      | Gained mutation: You have a small tail. [demonic ancestry]
   255 | D:1      | Reached XP level 2. HP: 14/20 MP: 1/5
   536 | D:1      | Reached skill level 1 in Fighting
   536 | D:1      | Gained mutation: Your demonic aura sometimes causes spilled
                  | blood to erupt in flames. [demonic ancestry]
   536 | D:1      | Reached XP level 3. HP: 23/26 MP: 3/6
   855 | D:2      | Slain by an iguana

Illustrated notes

Levels and vault maps discovered:
D:1:      amcnicky_arrival_double_pillar, layout_rooms
D:2:      cheibrodos_fertilizer, layout_loops_ring, basic_altar,
          shapermc_ecumenical_altar_venn

Skill      XL: |  1  2 |
---------------+-------+-----
Stealth        | 2 |  2.4
Dodging        | 2 |  2.2
Fighting       | 1 |  1.0
Short Blades   | |  0.6
Throwing       | |  0.5
Spellcasting   | |  2.0
Conjurations   | |  1.0
Fire Magic     | |  2.6

Action                     || total
---------------------------++-------
  Melee: Short sword       ||    25
         Tailslap          ||     4
  Throw: Dart              ||    13
   Cast: Foxfire           ||    25
 Armour: Robe              ||     3
  Dodge: Dodged            ||    11
